 Dungeon Crawl Stone Soup version 0.24.0-13-gcf9b319 (webtiles) character file.

Game seed: 7690316763260914861, levelgen mode: deterministic

3271 Fang the Fighter (level 10, -6/64 HPs)
             Began as a Gargoyle Berserker on Nov 18, 2019.
             Was an Elder of Trog.
             Killed by divine providence
             ... invoked by an orc priest
              (15 damage)
             ... on level 8 of the Dungeon.
             The game lasted 00:07:06 (5842 turns).

Fang the Fighter (Gargoyle Berserker)               Turns: 5842, Time: 00:07:07

Health: -6/64      AC: 22    Str: 23    XL:     10   Next: 0%
Magic:  10/10      EV:  9    Int:  9    God:    Trog [****..]
Gold:   524        SH:  0    Dex:  9    Spells: 9/9 levels left

rFire    . . .     SeeInvis .   a - +0 war axe
rCold    . . .     Gourm    .   (no shield)
rNeg     + . .     Faith    .   b - +0 plate armour
rPois    ∞         Spirit   .   d - +0 helmet (curse)
rElec    +         Reflect  .   (no cloak)
rCorr    .         Harm     .   (no gloves)
MR       +....                  (no boots)
Stlth    ..........             p - amulet of rage
HPRegen  0.20/turn              r - ring of protection from magic
MPRegen  0.12/turn              (no ring)

@: no status effects
A: negative energy resistance 1, electricity resistance, unbreathing,
petrification resistance, rot immunity, AC +7
a: Berserk, Trog's Hand, Brothers in Arms, Renounce Religion, Evoke Berserk Rage


You were on level 8 of the Dungeon.
You worshipped Trog.
Trog was greatly pleased with you.
You were not hungry.

You visited 2 branches of the dungeon, and saw 9 of its levels.

You collected 524 gold pieces.

Inventory:

Hand Weapons
 a - a +0 war axe (weapon)
Armour
 b - a +0 plate armour (worn)
 d - a cursed +0 helmet (worn)
 l - a +1 helmet
Jewellery
 p - an amulet of rage (around neck)
 r - a ring of protection from magic (left hand)
Wands
 u - a wand of paralysis (10)
 v - a wand of disintegration (13)
Scrolls
 f - a scroll of teleportation {unknown}
 g - 2 scrolls of fear {unknown}
 h - a scroll of magic mapping {unknown}
 i - 7 scrolls of identify {unknown}
 n - 3 scrolls of remove curse {unknown}
 o - 6 scrolls of enchant armour {unknown}
Potions
 e - a potion of heal wounds {unknown}
 j - 2 potions of curing {unknown}
 k - a potion of haste {unknown}
 m - 2 potions of lignification {unknown}
 t - a potion of cancellation {unknown}
 w - a potion of might {unknown}
Comestibles
 c - 15 rations


   Skills:
 + Level 8.2 Fighting
 + Level 6.9 Axes
 + Level 7.9 Armour
 + Level 5.9 Dodging


You had 9 spell levels left.
You didn't know any spells.
Your spell library was empty.

Dungeon Overview and Level Annotations

Branches:
Dungeon (8/15)             Temple (1/1) D:7
   Lair: D:8-11

Altars:
Nemelex Xobeh
Okawaru
Qazlal
Trog
Wu Jian
Zin
The Shining One


Innate Abilities, Weirdness & Mutations

You are resistant to torment.
Your stone body is resilient. (AC +7)
You are immune to poison.
You resist negative energy. (rN+)
You are resistant to electric shocks. (rElec)
You can survive without breathing.
You are immune to petrification.
You are immune to rotting.


Message History

You kill the ogre!
Trog accepts your kill.
You have reached level 10!
An orc priest comes into view. It is wielding a +0 whip.
The orc priest invokes the aid of Beogh against you.
Beogh smites you!
You are too injured to fight recklessly!
You are too injured to fight recklessly!
You are too injured to fight recklessly!
The orc priest calls down the wrath of Beogh upon you.
Beogh smites you!
* * * LOW HITPOINT WARNING * * *
The orc priest shouts!
The orc priest mumbles some strange prayers to Beogh against you.
Beogh smites you!
* * * LOW HITPOINT WARNING * * *
There is a stone staircase leading up here.
The orc priest calls down the wrath of Beogh upon you.
Beogh smites you!
You die...

#♣.....o... ♣♣
#.......... # ♣.≈
♣♣..........
..♣..P♣..#.......
......#..#o....#
......##......###
#.......)†....#
#...@........♣
##<#.........≈≈ ...
# #..#......≈≈P ...
###....#....≈≈≈ #...
#......##....≈♣#....
###..#.##...........
#...#..............
#....>.............
#..................


You could see 2 orc priests.

Vanquished Creatures
  A hippogriff (D:7)
  A hungry ghost (D:7)
  Menkaure (D:4)
  An orc warrior (D:6)
  A sky beast (D:5)
  4 ogres
  2 centaurs (D:5)
  An eye of draining (D:7)
  A big kobold (D:8)
  A bullfrog (D:6)
  3 scorpions
  9 killer bees
  3 wights (D:8)
  A howler monkey (D:5)
  4 crimson imps
  2 bullfrog zombies
  5 hounds
  2 centaur zombies
  2 bullfrog skeletons (D:5)
  4 orc priests
  Jessica (D:3)
  Terence (D:2)
  An iguana (D:4)
  3 orc wizards
  11 worker ants
  A hound skeleton (D:6)
  3 gnolls (D:7)
  6 adders
  A shadow imp (D:7)
  2 oozes (D:4)
  An adder zombie (D:7)
  A worm (D:5)
  6 leopard geckos
  26 orcs
  4 bats
  4 giant cockroaches
  3 goblins
  7 hobgoblins
  4 jackals
  2 quokkas (D:5)
  A ball python (D:5)
  3 frilled lizards
  A jackal skeleton (D:5)
  7 kobolds
  A quokka zombie (D:5)
  3 rats
153 creatures vanquished.

Notes
Turn   | Place    | Note
-------+----------+-------------------------------------------
     0 | D:1      | Fang the Gargoyle Berserker began the quest for the Orb.
     0 | D:1      | Reached XP level 1. HP: 14/14 MP: 1/1
   164 | D:1      | Reached XP level 2. HP: 11/19 MP: 2/2
   719 | D:2      | Reached XP level 3. HP: 23/23 MP: 3/3
   784 | D:2      | Reached ** piety under Trog
   866 | D:2      | Noticed Terence
   884 | D:2      | Killed Terence
   884 | D:2      | Reached XP level 4. HP: 26/29 MP: 4/4
   913 | D:2      | Reached skill level 4 in Fighting
  1426 | D:3      | Reached XP level 5. HP: 26/33 MP: 5/5
  1492 | D:3      | Noticed Jessica
  1504 | D:3      | Killed Jessica
  1724 | D:4      | Reached XP level 6. HP: 27/39 MP: 6/6
  1756 | D:4      | Found a sparkling altar of Nemelex Xobeh.
  1988 | D:4      | Noticed Menkaure
  1999 | D:4      | Killed Menkaure
  1999 | D:4      | Reached skill level 5 in Fighting
  1999 | D:4      | Reached XP level 7. HP: 23/44 MP: 7/7
  2484 | D:4      | Reached *** piety under Trog
  2717 | D:5      | Entered Level 5 of the Dungeon
  2744 | D:5      | Reached skill level 5 in Armour
  2788 | D:5      | Reached XP level 8. HP: 9/51 MP: 8/8
  3071 | D:5      | Reached skill level 5 in Axes
  3084 | D:5      | Reached skill level 6 in Fighting
  3626 | D:5      | Found an ornate altar of the Wu Jian Council.
  3859 | D:5      | Reached XP level 9. HP: 40/56 MP: 9/9
  3918 | D:5      | Found a glowing golden altar of the Shining One.
  3919 | D:5      | Found a glowing silver altar of Zin.
  4141 | D:6      | Reached skill level 7 in Fighting
  4297 | D:6      | Reached **** piety under Trog
  4304 | D:6      | Reached skill level 5 in Dodging
  4830 | D:7      | Found Juxuum's Antique Weapon Shop.
  4912 | D:7      | Found a staircase to the Ecumenical Temple.
  4934 | Temple   | Entered the Ecumenical Temple
  5736 | D:8      | Reached skill level 8 in Fighting
  5838 | D:8      | Reached XP level 10. HP: 43/64 MP: 10/10
  5842 | D:8      | Killed from afar by an orc priest

Levels and vault maps discovered:
D:1:      dpeg_arrival_another_circle, layout_basic
D:2:      layout_rooms, first_ration, uniq_terence
D:3:      layout_basic, uniq_jessica
D:4:      layout_basic, nrook_campfire, nemelex_dance_club_becter, uniq_menkaure
D:5:      minmay_spotlight, layout_loops_ring, nicolae_overflow_hidden_temple,
          minitemple, hangedman_abyss_or_decor_slice
D:6:      layout_basic
D:7:      layout_gridville, minmay_temple_entry_ruins, serial_shops, shop
D:8:      layout_cave_pools, erik_lair_orcish_takeover, serial_bayou,
          serial_bayou_shore_b, serial_bayou_pond_e, serial_bayou_crossing,
          serial_bayou_lagoon_a, serial_shops, shop_scrolls, uniq_grum,
          uniq_psyche
Temple:   lightli_temple_of_artemis

Skill      XL: |  1  2  3  4  5  6  7  8  9 |
---------------+----------------------------+-----
Dodging        | 2 3 4 5 |  5.9
Axes           | 3 4 5 6 |  6.9
Armour         | 3 4 5 6 7 |  7.9
Fighting       | 4 5 6 8 |  8.2

Action                   |  1- 3 |  4- 6 |  7- 9 | 10-12 || total
-------------------------+-------+-------+-------+-------++-------
Melee: Hand axe          |   105 |   143 |   302 |       ||   550
       War axe           |       |       |   222 |       ||   222
Invok: Berserk           |       |     2 |     5 |       ||     7
       Trog's Hand       |       |       |     2 |       ||     2
 Stab: Sleeping          |     1 |       |       |       ||     1
  Eat: Chunk             |       |     5 |    18 |       ||    23
       Ration            |       |       |     2 |       ||     2
Armor: Animal skin       |    20 |       |       |       ||    20
       Chain mail        |    41 |    78 |   242 |       ||   361
       Plate armour      |       |       |   179 |       ||   179
Dodge: Dodged            |    73 |    53 |   326 |       ||   452
